Map: Data-C

Players

ByuN

  • Race: Terran Terran
  • Spawn Location: 3:00

Reynor - Winner!

  • Race: Zerg Zerg
  • League: Master
  • Spawn Location: 9:00

Event: HomeStory Cup XXII

VOD

Have the link to the VOD?

Description

Time

  • Played on: Dec. 16, 2022, 2:13 p.m.
  • Length: 11:02

All games in this series

Show
View Real Time Build Order
Export as new Build Order

ByuN Terran 

Build Orders: Command Center First (CC) 

Get SALT Encoding   

  12  0:00  SCV  
  13  0:12  SCV  
  14  0:17  Supply Depot  
  14  0:24  SCV  
  15  0:38  SCV  
  16  0:51  SCV  
  17  0:58  Command Center  
  17  1:03  SCV  
  18  1:12  Barracks  
  18  1:16  SCV  
  19  1:22  Refinery  
  19  1:28  SCV  
  19  1:29  Refinery  
  20  1:40  SCV  
  20  1:43  Barracks  
  21  1:52  SCV  
  22  2:01  Barracks Reactor  
  22  2:04  Orbital Command  
  22  2:13  Orbital Command  
  22  2:30  SCV  
  22  2:31  Barracks Tech Lab  
  22  2:35  Factory  
  23  2:37  Marine x2  
  23  2:39  SCV  
  23  2:42  SCV  
  27  2:49  Marine  
  28  2:53  SCV  
  28  2:54  SCV, Marine  
  28  2:55  Marine  
  28  2:57  Stimpack  
  32  3:00  Supply Depot  
  32  3:06  SCV x2  
  32  3:09  Marine  
  32  3:12  Marine x2  
  35  3:18  SCV  
  38  3:20  Starport  
  38  3:22  SCV  
  38  3:24  Factory Reactor  
  38  3:26  Supply Depot  
  39  3:28  Marine  
  39  3:30  SCV  
  39  3:33  Marine x2  
  43  3:35  SCV  
  44  3:42  Supply Depot, SCV  
  44  3:46  Marine  
  46  3:50  Marine  
  46  3:51  SCV, Marine  
  49  3:57  SCV  
  50  4:03  Medivac x2  
  50  4:04  Supply Depot  
  50  4:06  Marine  
  50  4:08  Marine x2  
  57  4:10  SCV x2  
  59  4:22  SCV x2  
  61  4:24  Marine  
  61  4:26  Supply Depot, Marine x2  
  64  4:33  Medivac  
  64  4:36  Combat Shield  
  66  4:42  Widow Mine, Marine  
  66  4:44  Command Center, Marine  
  70  4:47  Supply Depot, Marine  
  70  4:48  SCV x2  
  67  5:08  Marine x3  
  67  5:12  Refinery x2, SCV x2  
  67  5:13  Engineering Bay  
  71  5:15  Engineering Bay  
  71  5:17  Starport Reactor  
  71  5:24  Barracks, SCV  
  71  5:25  SCV  
  71  5:26  Barracks  
  72  5:37  SCV x2  
  72  5:39  Marine  
  72  5:40  Barracks, Marine x2  
  72  5:41  Factory Reactor  
  77  5:43  Terran Infantry Weapons Level 1  
  77  5:47  Terran Infantry Armor Level 1  
  77  5:53  SCV  
  77  5:54  SCV  
  73  5:57  Marine  
  72  6:06  SCV x2  
  72  6:09  Marine x2  
  72  6:10  Medivac x2  
  78  6:18  SCV x2, Marine x2  
  79  6:19  Barracks Reactor, Widow Mine x2  
  83  6:30  Barracks Reactor, SCV x2, Armory  
  85  6:36  Orbital Command  
  85  6:37  Marine x3  
  88  6:42  SCV x2  
  92  6:50  Supply Depot  
  92  6:51  Supply Depot  
  92  6:54  SCV, Marine x2  
  92  6:55  Marine x2  
  92  6:57  Medivac x2  
  92  6:59  Marine x2  
  101  7:03  Marine  
  101  7:10  Supply Depot  
  101  7:12  Supply Depot  
  101  7:13  Widow Mine x2  
  101  7:15  Marine x2  
  108  7:17  Marine x4  
  108  7:20  SCV x2  
  108  7:21  SCV  
  114  7:28  Supply Depot  
  114  7:29  Marine  
  114  7:33  SCV x3  
  114  7:35  Marine x5  
  119  7:39  Factory  
  119  7:43  Marine x2  
  121  7:46  Marine  
  121  7:47  Supply Depot, Marine  
  121  7:48  Widow Mine  
  121  7:49  Widow Mine  
  121  7:50  SCV x3, Terran Infantry Weapons Level 2  
  129  7:52  Supply Depot  
  129  7:53  Marine x2  
  129  7:56  Terran Infantry Armor Level 2  
  129  8:06  Command Center  
  129  8:07  Marine x3  
  129  8:08  Supply Depot  
  132  8:16  SCV  
  132  8:17  SCV  
  132  8:18  SCV  
  134  8:22  Marine x5  
  134  8:23  Factory Tech Lab  
  134  8:25  Marauder  
  134  8:29  SCV x2  
  135  8:36  Marine x3  
  135  8:37  Supply Depot  
  135  8:39  Marine  
  135  8:40  Marine  
  139  8:47  Marine x3  
  142  8:52  Barracks  
  142  8:53  Barracks  
  142  8:54  Barracks  
  142  8:58  Medivac  
  143  9:03  SCV x2  
  143  9:05  SCV  
  119  9:14  Supply Depot x2, Medivac  
  119  9:15  SCV x2  
  119  9:16  Marine  
  119  9:17  Marine  
  120  9:18  SCV  
  120  9:19  Marine  
  119  9:26  Marine  
  119  9:27  SCV x2, Marine x4  
  119  9:28  Medivac  
  119  9:30  SCV  
  126  9:39  Marine x2  
  126  9:40  Marauder  
  126  9:44  Barracks Tech Lab  
  126  9:45  Barracks Tech Lab  
  128  9:46  Barracks Tech Lab  
  128  9:47  SCV x2  
  128  9:50  Widow Mine  
  124  9:53  Marine  
  124  9:54  Marine  
  124  9:59  SCV x2  
  114  10:00  Marine x4  
  114  10:01  Marauder  
  119  10:07  Marauder  
  119  10:11  SCV, Marauder, Marine  
  116  10:14  Marine  
  116  10:15  Marine  
  116  10:19  SCV  
  119  10:23  SCV  
  119  10:26  Widow Mine, Marauder  
  124  10:32  Marine  
  124  10:33  Marine  
  124  10:38  Marine x3  
  124  10:39  Marine  
  124  10:40  Marine x2  
  124  10:41  Marine  
Show
View Real Time Build Order
Export as new Build Order

Reynor Zerg - Winner!

Build Orders: Hatch First 

Get SALT Encoding   

  12  0:00  Drone  
  13  0:12  Overlord  
  13  0:16  Drone  
  14  0:30  Drone x2  
  16  0:47  Hatchery  
  15  0:51  Drone  
  15  0:54  Drone  
  17  0:57  Drone  
  18  1:09  Extractor  
  17  1:13  Spawning Pool  
  17  1:15  Drone  
  17  1:19  Drone  
  18  1:27  Drone  
  19  1:38  Drone  
  20  1:49  Overlord  
  20  1:59  Queen  
  20  2:00  Queen  
  24  2:02  Drone x2  
  26  2:10  Drone x2  
  28  2:20  Drone  
  28  2:21  Drone  
  30  2:26  Hatchery  
  29  2:31  Drone  
  29  2:32  Drone  
  31  2:42  Drone, Overlord  
  32  2:45  Queen  
  32  2:49  Metabolic Boost  
  34  2:52  Drone  
  34  2:53  Drone  
  36  3:00  Queen  
  36  3:03  Drone  
  36  3:05  Drone  
  40  3:09  Overlord  
  40  3:10  Drone x2  
  40  3:11  Drone  
  43  3:13  Drone  
  43  3:17  Overlord  
  44  3:26  Queen  
  44  3:28  Drone x3  
  44  3:31  Overlord  
  49  3:39  Drone x4  
  49  3:41  Queen  
  53  3:44  Drone x2  
  57  3:48  Overlord  
  57  3:51  Drone  
  57  3:52  Drone  
  57  3:55  Drone x3  
  61  3:59  Overlord  
  62  4:03  Queen  
  62  4:06  Queen  
  62  4:09  Zergling x4  
  68  4:11  Drone  
  68  4:13  Drone  
  68  4:14  Drone  
  68  4:15  Drone  
  72  4:18  Drone, Evolution Chamber  
  72  4:22  Drone  
  72  4:23  Spore Crawler, Drone  
  73  4:24  Extractor  
  73  4:26  Queen  
  73  4:28  Drone x2  
  76  4:32  Overlord  
  77  4:38  Zergling x8  
  77  4:40  Zergling x6  
  77  4:45  Overlord  
  81  4:49  Zerg Ground Armor Level 1  
  81  4:50  Queen  
  81  4:51  Zergling x8  
  87  4:54  Overlord  
  87  4:56  Overlord  
  83  5:08  Lair  
  83  5:09  Hatchery  
  83  5:10  Drone  
  83  5:11  Drone x2  
  86  5:14  Drone x5  
  86  5:20  Drone x5  
  93  5:30  Queen, Overlord  
  93  5:31  Baneling Nest  
  93  5:33  Zergling x8  
  96  5:39  Queen  
  96  5:40  Extractor  
  96  5:41  Zergling x6, Extractor  
  99  5:45  Extractor  
  99  5:49  Zergling x4  
  98  5:51  Zergling x2  
  88  5:58  Zergling x4  
  88  5:59  Zergling x4  
  88  6:03  Zergling x10  
  91  6:04  Zergling x6  
  91  6:08  Queen x2  
  93  6:11  Zergling x2  
  93  6:14  Zergling x4  
  93  6:16  Queen  
  93  6:17  Centrifugal Hooks  
  93  6:22  Evolution Chamber  
  93  6:23  Queen  
  93  6:24  Zergling x4  
  93  6:25  Zergling x4  
  98  6:27  Baneling x4  
  98  6:31  Drone  
  99  6:35  Drone x4  
  99  6:36  Drone  
  99  6:39  Baneling x3  
  103  6:41  Baneling x2  
  103  6:42  Drone x4  
  103  6:45  Extractor  
  103  6:46  Hydralisk Den  
  105  6:47  Zerg Ground Armor Level 2  
  105  6:48  Zergling x4  
  105  6:49  Zergling x6  
  105  6:52  Overlord  
  105  6:53  Drone  
  111  6:57  Zergling x2  
  111  6:59  Zergling x2  
  111  7:00  Zergling x8  
  117  7:01  Zergling x4  
  117  7:04  Zergling x2  
  119  7:10  Overlord  
  119  7:12  Drone x3  
  119  7:13  Zerg Melee Weapons Level 1  
  122  7:16  Drone  
  122  7:19  Muscular Augments, Overlord  
  122  7:20  Baneling x2  
  122  7:21  Spore Crawler, Baneling x3  
  122  7:22  Drone x5  
  127  7:23  Baneling x2  
  127  7:24  Drone  
  127  7:25  Overlord  
  128  7:31  Hydralisk x2  
  128  7:32  Zergling x6  
  128  7:35  Hydralisk  
  128  7:36  Zergling x2, Overseer  
  135  7:42  Drone x2  
  135  7:43  Overlord  
  132  7:44  Hydralisk  
  132  7:45  Zergling x8  
  132  7:50  Hydralisk x3  
  132  7:51  Hydralisk  
  143  7:52  Baneling  
  143  7:53  Baneling x5  
  143  7:56  Overlord  
  145  8:00  Zergling x10  
  145  8:02  Zergling x2  
  151  8:07  Zergling x2  
  151  8:09  Zergling x4  
  151  8:12  Overlord  
  149  8:20  Zergling x2  
  149  8:21  Zergling x16  
  149  8:23  Hatchery  
  151  8:28  Infestation Pit  
  151  8:29  Zergling x12  
  150  8:35  Drone x3  
  150  8:37  Baneling x10  
  150  8:38  Zergling x2  
  154  8:44  Zergling x6, Grooved Spines  
  154  8:46  Overseer  
  154  8:48  Hydralisk  
  159  8:54  Hydralisk  
  159  8:55  Zergling x4  
  163  8:58  Hydralisk, Overlord  
  163  8:59  Zergling x20  
  173  9:08  Pneumatized Carapace, Hive  
  160  9:11  Zergling x10  
  164  9:22  Hydralisk  
  164  9:23  Zergling x6  
  167  9:27  Zergling x2  
  167  9:28  Zergling x16  
  174  9:31  Lurker Den  
  174  9:32  Drone  
  174  9:35  Zergling x6  
  176  9:40  Zergling x2  
  176  9:42  Zergling x2  
  176  9:44  Zergling x2  
  178  9:46  Zergling x2  
  178  9:51  Zergling x2  
  176  9:54  Zergling x2  
  176  9:55  Hydralisk  
  176  9:57  Zergling x8  
  176  10:00  Zergling x4, Hydralisk  
  176  10:04  Drone x2  
  176  10:05  Drone  
  179  10:08  Zergling x6  
  179  10:10  Overlord  
  179  10:12  Zergling x6  
  181  10:19  Overlord, Extractor  
  180  10:21  Baneling  
  180  10:22  Baneling x29  
  180  10:23  Zergling x4  
  182  10:29  Zergling x8  
  179  10:37  Zergling x12  
  172  10:43  Zergling x10  
  172  10:44  Zergling x2  
  171  10:50  Extractor  
Tags
 
Add a new tag
Caveats
  • Supply blocks, unpowered buildings, or Contaminate may cause inaccurate times.
  • Supply counts are checked every 10 seconds.